Map: Dasan Station LE

Players

Nickos - Winner!

  • Race: Terran Terran
  • League: Gold

Smacko

  • Race: Protoss Protoss
  • League: Gold

VOD

Have the link to the VOD?

Description

Time

  • Played on: Oct. 1, 2016, 8:34 a.m.
  • Length: 12:48
Show
View Real Time Build Order
Export as new Build Order

Nickos Terran - Winner!

Build Orders: Reaper Expand 

Get SALT Encoding   

  12  0:01  SCV  
  13  0:13  SCV  
  14  0:18  Supply Depot  
  14  0:25  SCV  
  15  0:40  SCV  
  15  0:41  Barracks  
  16  0:48  Refinery  
  16  0:52  SCV  
  17  1:04  SCV  
  18  1:16  SCV  
  19  1:31  Reaper  
  19  1:32  Orbital Command  
  20  1:45  Command Center  
  20  1:59  Barracks  
  20  2:05  Supply Depot  
  20  2:11  SCV  
  21  2:15  Barracks Reactor  
  21  2:23  SCV  
  22  2:36  SCV  
  21  2:47  Barracks Tech Lab  
  21  2:48  SCV  
  21  2:49  Factory  
  22  2:52  Marine x2  
  24  3:00  SCV  
  24  3:03  Engineering Bay, Supply Depot  
  25  3:07  Orbital Command  
  25  3:10  Marine  
  25  3:22  Marine x2  
  27  3:28  Marine  
  27  3:30  Stimpack  
  28  3:40  Marine x2  
  28  3:46  Marine  
  29  3:57  Marine  
  29  4:02  SCV x2  
  32  4:16  Starport  
  32  4:18  Barracks  
  32  4:19  Barracks, Missile Turret  
  32  4:23  SCV  
  28  4:46  SCV x2  
  28  4:48  Missile Turret  
  28  4:49  Marine  
  31  4:54  Starport Reactor  
  31  5:04  Missile Turret  
  31  5:06  Missile Turret  
  31  5:12  Missile Turret  
  31  5:14  Widow Mine, Missile Turret  
  31  5:20  Marine  
  31  5:21  Marine  
  35  5:25  Marine  
  36  5:30  Marine x2  
  36  5:35  Terran Infantry Weapons Level 1  
  38  5:37  SCV  
  39  5:46  Marine  
  40  5:52  SCV x2  
  40  5:57  Refinery  
  42  5:59  Marine x2  
  42  6:00  Marine x2  
  42  6:04  Marine  
  45  6:15  SCV x2  
  45  6:17  Marine x2  
  49  6:26  Marine x2  
  49  6:28  Marauder  
  53  6:37  Marine  
  54  6:52  Supply Depot  
  54  6:57  Missile Turret  
  54  7:13  Medivac, Viking, Marine x2  
  54  7:14  SCV x2  
  62  7:18  Supply Depot  
  62  7:27  Supply Depot  
  62  7:29  Terran Infantry Armor Level 1  
  62  7:33  Supply Depot  
  62  7:37  Marine  
  62  7:39  Marine x4  
  62  7:40  SCV x2  
  66  7:55  Marine  
  66  7:56  Medivac  
  66  7:57  Marine x4  
  70  8:13  Marine  
  70  8:15  Marine x3  
  70  8:16  Missile Turret  
  74  8:20  Marine  
  74  8:22  Missile Turret  
  75  8:30  Marine  
  75  8:33  Marine x3  
  75  8:48  Marine  
  75  8:49  Marine  
  75  8:51  Marine x3  
  80  9:03  Viking x2  
  80  9:06  Marine x2  
  86  9:40  Viking x2, Marine x5  
  95  9:58  Marine x5  
  98  10:10  Viking  
  100  10:15  Marine x4  
  100  10:16  Marine  
  105  10:33  Marine x4  
  105  10:34  Marine  
  110  10:35  Supply Depot  
  110  10:36  Supply Depot  
  110  10:38  Supply Depot  
  110  10:48  Command Center  
  110  10:51  Marine  
  110  10:52  Command Center, Marine  
  110  10:53  Marine  
  110  10:54  Marine  
  110  10:57  Marine  
  109  11:09  Marine  
  109  11:10  Marine  
  109  11:11  Marine  
  109  11:12  Marine  
  109  11:15  Marine  
  112  11:27  Marine x2  
  112  11:29  Viking, Marine  
  112  11:30  Viking, Marine  
  112  11:32  Marine  
  121  11:44  Marine  
  121  11:45  Marine  
  121  11:50  Marine x2  
  121  11:53  Widow Mine  
  118  11:59  Viking  
  118  12:00  Viking  
  122  12:02  Marine x2  
  122  12:03  Marine  
  122  12:08  Marine x2  
Show
View Real Time Build Order
Export as new Build Order

Smacko Protoss 

Build Orders: 1 Gate Expand, Oracle Opening 

Get SALT Encoding   

  12  0:01  Probe (Chrono Boost)  
  13  0:11  Probe (Chrono Boost)  
  14  0:21  Pylon  
  14  0:26  Probe (Chrono Boost)  
  15  0:39  Probe (Chrono Boost)  
  15  0:40  Gateway  
  16  0:49  Probe (Chrono Boost)  
  17  0:50  Assimilator  
  17  1:00  Probe (Chrono Boost)  
  18  1:10  Probe (Chrono Boost)  
  19  1:21  Probe (Chrono Boost)  
  20  1:28  Nexus  
  19  1:38  Cybernetics Core  
  19  1:46  Pylon  
  19  1:49  Probe (Chrono Boost)  
  20  1:57  Assimilator  
  20  2:03  Probe (Chrono Boost)  
  21  2:14  Adept  
  23  2:16  Probe (Chrono Boost)  
  24  2:28  Pylon  
  25  2:34  Mothership Core (Chrono Boost)  
  24  2:46  Probe (Chrono Boost)  
  25  2:52  Probe (Chrono Boost)  
  25  2:57  Probe (Chrono Boost)  
  27  2:58  Stargate  
  27  3:03  Probe (Chrono Boost)  
  28  3:08  Probe (Chrono Boost)  
  29  3:13  Probe (Chrono Boost)  
  29  3:18  Probe (Chrono Boost)  
  31  3:24  Probe (Chrono Boost)  
  32  3:29  Probe (Chrono Boost), Robotics Facility  
  33  3:34  Probe (Chrono Boost)  
  34  3:44  Oracle  
  37  3:50  Probe x2 (Chrono Boost)  
  37  3:55  Pylon  
  39  4:01  Probe x2 (Chrono Boost)  
  39  4:06  Warp Gate  
  39  4:11  Probe x2 (Chrono Boost)  
  41  4:18  Observer  
  41  4:22  Probe x2 (Chrono Boost)  
  44  4:34  Oracle  
  41  4:45  Probe (Chrono Boost)  
  46  4:47  Probe (Chrono Boost)  
  46  4:49  Gateway  
  46  4:51  Gateway  
  46  4:54  Assimilator  
  46  4:58  Assimilator, Pylon  
  48  5:00  Probe (Chrono Boost)  
  48  5:01  Probe (Chrono Boost)  
  48  5:06  Pylon  
  48  5:17  Oracle  
  48  5:19  Twilight Council  
  50  5:21  Probe (Chrono Boost)  
  50  5:22  Pylon  
  50  5:23  Probe (Chrono Boost)  
  53  5:34  Probe (Chrono Boost)  
  53  5:35  Probe (Chrono Boost)  
  55  5:40  Pylon  
  55  5:43  Pylon  
  55  5:47  Probe (Chrono Boost)  
  56  5:50  Void Ray  
  56  5:51  Gateway  
  56  5:53  Gateway  
  60  5:59  Probe (Chrono Boost)  
  60  6:01  Probe (Chrono Boost)  
  59  6:24  Stargate  
  58  6:25  Probe (Chrono Boost)  
  58  6:27  Probe (Chrono Boost)  
  58  6:39  Resonating Glaives, Probe (Chrono Boost)  
  59  6:40  Warp Prism  
  59  6:43  Nexus  
  59  6:46  Gateway  
  61  6:49  Probe (Chrono Boost)  
  61  6:51  Gateway, Probe (Chrono Boost)  
  61  6:54  Gateway  
  63  6:59  Fleet Beacon  
  63  7:00  Probe (Chrono Boost)  
  64  7:07  Pylon  
  65  7:09  Templar Archives  
  65  7:10  Probe x2 (Chrono Boost)  
  65  7:14  Sentry x2  
  65  7:15  Sentry  
  72  7:34  Observer  
  73  7:43  Adept x4  
  73  7:44  Adept  
  60  8:08  Pylon, Tempest  
  48  8:14  Tempest  
  52  8:24  Adept x2  
  56  8:33  Adept  
  52  8:48  Pylon  
  52  8:55  High Templar  
  48  9:00  Gateway  
  46  9:05  Gateway  
  46  9:17  Gateway  
  37  9:31  Oracle  
  37  9:35  Zealot  
  43  9:38  Probe (Chrono Boost)  
  43  9:49  Probe (Chrono Boost)  
  44  9:59  Probe (Chrono Boost)  
  34  10:10  Probe (Chrono Boost)  
  28  10:26  Assimilator  
  28  10:28  Pylon  
  28  10:33  Zealot  
  28  10:34  Adept  
  28  10:35  Adept x2  
  36  10:42  Probe (Chrono Boost)  
  37  10:47  Nexus  
  36  10:52  Probe (Chrono Boost)  
  37  11:01  Dark Shrine  
  37  11:04  Adept x2  
  36  11:29  Zealot x4  
  41  11:51  Zealot x2  
  41  11:52  Zealot  
  36  12:11  Zealot  
  36  12:12  Zealot x2  
Tags
 
Add a new tag
Caveats
  • Supply blocks, unpowered buildings, or Contaminate may cause inaccurate times.
  • Supply counts are checked every 10 seconds.